 Dungeon Crawl Stone Soup version 0.29.0-7-g18a832c13a (webtiles) character file.

Game seed: 978066286621401494

254 gelatine the Insei (level 6, 0/35 HPs)
             Began as an Octopode Transmuter on Aug 30, 2022.
             Slain by Duvessa
             ... wielding a +0 short sword
              (8 damage)
             ... on level 4 of the Dungeon.
             The game lasted 00:06:07 (2053 turns).

gelatine the Insei (Octopode Transmuter)            Turns: 2053, Time: 00:06:09

Health: 0/35       AC:  1    Str: 11    XL:     6   Next: 15%
Magic:  10/10      EV: 13    Int: 16    God:
Gold:   123        SH:  0    Dex: 10    Spells: 7/10 levels left

rFire   + . .      SeeInvis .   j - +2 demon blade (elec)
rCold   . . .      Faith    .   (no shield)
rNeg    . . .      Spirit   .   (helmet restricted)
rPois   .          Reflect  .   i - amulet of regeneration
rElec   .          Harm     .   f - ring of protection from fire
rCorr   .          Rampage  .   (no ring)
Will    .....                   (no ring)
Stlth   +++.......              (no ring)
HPRegen 0.91/turn               (no ring)
MPRegen 0.12/turn               (no ring)
                                (no ring)
                                (no ring)

@: unable to read
A: almost no armour, amphibious, 8 rings, camouflage 1, gelatinous body 1,
(nimble swimmer 1), tentacles, tentacle spike 1, clumsy 1, frail 1, subdued
magic 1, inability to read after injury 1, noise suppression
a: no special abilities


You were on level 4 of the Dungeon.
You visited 1 branch of the dungeon, and saw 4 of its levels.

You collected 123 gold pieces.

Inventory:

Hand Weapons
 j - a +2 demon blade of electrocution (weapon)
Missiles
 e - 2 throwing nets
Jewellery
 f - a ring of protection from fire (left tentacle)
 i - an amulet of regeneration (around mantle)
Scrolls
 g - 2 scrolls of torment
 h - a scroll of blinking
 k - a scroll of enchant weapon {unknown}
Potions
 a - 2 potions of lignification
 b - a potion of brilliance
 c - 2 potions of curing
 d - a potion of flight {unknown}
 m - a potion of berserk rage {unknown}


   Skills:
 + Level 1.7 Fighting
 + Level 2.3 Long Blades
 + Level 2.7 Dodging
 + Level 3.2 Stealth
 + Level 3.9 Unarmed Combat
 + Level 2.7 Spellcasting
 + Level 2.8 Transmutations


You had 7 spell levels left.
You knew the following spells:

 Your Spells              Type           Power      Damage    Failure   Level
a - Beastly Appendage     Tmut           16%        N/A       4%          1
b - Wereblood             Tmut           8%         N/A       7%          2

Your spell library contained the following spells:

 Spells                   Type           Power      Damage    Failure   Level
 Spider Form              Tmut/Pois      5%         N/A       28%         3
 Ice Form                 Ice/Tmut       5%         N/A       67%         4


Dungeon Overview and Level Annotations

Branches:
Dungeon (4/15)
 Temple: D:4-7

Altars:
Elyvilon
Xom

Shops:
D:2 :

Annotations:
D:4 Duvessa


Innate Abilities, Weirdness & Mutations

You cannot wear most types of armour.
You are amphibious.
You can wear up to eight rings at the same time.
Your skin changes colour to match your surroundings (Stealth+).
Your rubbery body absorbs attacks. (AC +1, EV +1)
((You are camouflaged when in or above water. (Stealth+)))
You have tentacles for arms and can constrict up to eight enemies at once.
One of your tentacles bears a spike.
You are clumsy. (Dex -2)
You are frail. (-10% HP)
Your spells are a little easier to cast, but a little less powerful.
You occasionally lose the ability to read scrolls when taking damage.
You passively dampen the noise of your surroundings.


Message History

You constrict the necrophage. The necrophage misses you.
The necrophage hits you.
You feel drained.
You slash the necrophage!
You destroy the necrophage!
Your life force feels restored.
Your Long Blades skill increases to level 2!
Magic restored.
Dowan, Brother of Duvessa comes into view.
He is wielding a +0 dagger and carrying a wand of roots (8).
Found a book of Conjurations and a scroll of poison.
Found a stone staircase leading down.
Duvessa, Sister of Dowan comes into view.
She is wielding a +0 short sword.
Found 12 gold pieces.
The helpless Dowan fails to defend himself.
You hit Dowan. You grab Dowan. You squeeze Dowan.
Dowan is moderately wounded.
You constrict Dowan, but do no damage. Dowan barely misses you.
You hit Dowan. Lightning courses through Dowan!!
You kill Dowan!
Duvessa screams, "No!
How DARE you!"
Duvessa goes berserk!
Your Stealth skill increases to level 3!
You have reached level 6!
You hit Duvessa. You grab Duvessa.
You pierce Duvessa, but do no damage.
You squeeze Duvessa, but do no damage.
Duvessa is lightly wounded.
You constrict Duvessa, but do no damage.
Duvessa hits you with a +0 short sword! Duvessa barely misses you.
You slash Duvessa!
You pierce Duvessa, but do no damage.
You squeeze Duvessa.
Duvessa is moderately wounded.
You constrict Duvessa, but do no damage.
Duvessa hits you with a +0 short sword!
You hit Duvessa. Lightning courses through Duvessa!
Your squeeze misses Duvessa.
Duvessa is severely wounded.
You constrict Duvessa. Duvessa hits you with a +0 short sword!
You feel threatened and lose the ability to read scrolls!
* * * LOW HITPOINT WARNING * * *
Duvessa hits you with a +0 short sword!
You die...
Xom chuckles heartily!

####### #.....# #.....#
###### #.....# #.)..##
#..?..## #######.##...
#.:..e.# #........####
#...)@$# #............
...#.###.###........####
.........†.........#
..#..###.....#######
.................>
.....###.....####. ..#
#.....# . #.....#
#.....#


You could see Duvessa (berserk).

Vanquished Creatures
  A necrophage (D:4)
  Dowan (D:4)
  An iguana (D:4)
  Terence (D:3)
  5 adders
  A white imp (D:4)
  A dart slug (D:1)
  6 bats
  3 endoplasms
  2 giant cockroaches
  3 goblins
  7 hobgoblins
  2 quokkas
  2 ball pythons (D:1)
  3 frilled lizards
  2 kobolds
  3 rats
44 creatures vanquished.

Notes
Turn   | Place    | Note
-------+----------+-------------------------------------------
     0 | D:1      | gelatine the Octopode Transmuter began the quest for the
                  | Orb.
     0 | D:1      | Reached XP level 1. HP: 13/13 MP: 3/3
   152 | D:1      | Reached XP level 2. HP: 18/18 MP: 3/5
   210 | D:1      | Learned a level 2 spell: Wereblood
   493 | D:1      | Reached XP level 3. HP: 19/23 MP: 4/6
   793 | D:2      | Found a faded altar of an unknown god.
   803 | D:2      | Found Nofabyr's Book Shop.
   888 | D:2      | Found a white marble altar of Elyvilon.
   941 | D:2      | Gained mutation: One of your tentacles bears a spike.
                  | [potion of mutation]
   941 | D:2      | Gained mutation: You passively map a small area around you.
                  | [potion of mutation]
   941 | D:2      | Gained mutation: You passively dampen the noise of your
                  | surroundings. [potion of mutation]
   941 | D:2      | HP: 1/23 [poisoned by an adder]
  1130 | D:2      | Reached XP level 4. HP: 22/28 MP: 7/7
  1409 | D:2      | Prayed at the altar of an unknown god.
  1409 | D:2      | Became a worshipper of Xom of Bone-Dry Humour
  1410 | D:2      | Fell from the grace of Xom
  1455 | D:2      | XOM: give mutations
  1455 | D:2      | Lost mutation: You passively map a small area around you.
                  | [Xom's mischief]
  1455 | D:2      | Gained mutation: You occasionally lose the ability to read
                  | scrolls when taking damage. [Xom's mischief]
  1455 | D:2      | Gained mutation: You are clumsy. (Dex -2) [Xom's mischief]
  1455 | D:2      | Gained mutation: Your spells are a little easier to cast,
                  | but a little less powerful. [Xom's mischief]
  1606 | D:3      | Reached skill level 1 in Stealth
  1866 | D:3      | Noticed Terence
  1874 | D:3      | Killed Terence
  1875 | D:3      | Reached skill level 1 in Long Blades
  1987 | D:4      | Reached XP level 5. HP: 17/33 MP: 8/8
  2021 | D:4      | XOM: give mutation
  2021 | D:4      | Gained mutation: You are frail. (-10% HP) [Xom's mischief]
  2044 | D:4      | Noticed Dowan
  2045 | D:4      | Noticed Duvessa
  2050 | D:4      | Killed Dowan
  2051 | D:4      | Reached XP level 6. HP: 35/35 MP: 10/10
  2053 | D:4      | Slain by Duvessa

Illustrated notes

Levels and vault maps discovered:
D:1:      roderic_chinese_lattice_arrival, layout_loops_ring
D:2:      layout_rooms, basic_ecumenical_altar, serial_shops,
          nicolae_diamond_shop, basic_altar
D:3:      layout_rooms, uniq_terence
D:4:      layout_basic, mainiacjoe_overflow_boulevard, uniq_duvessa

Skill      XL: |  1  2  3  4  5 |
---------------+----------------+-----
Stealth        | 1 3 |  3.2
Long Blades    | 1 2 |  2.3
Fighting       | |  1.7
Dodging        | |  2.7
Unarmed Combat | |  3.9
Spellcasting   | |  2.7
Transmutations | |  2.8

Action                   |  1- 3 |  4- 6 || total
-------------------------+-------+-------++-------
Melee: Unarmed           |    47 |       ||    47
       Kick              |    14 |     8 ||    22
       Constrict         |    15 |     5 ||    20
       Tentacles         |     8 |     7 ||    15
       Demon blade       |    12 |    28 ||    40
       Punch             |       |     1 ||     1
 Cast: Beastly Appendage |    18 |       ||    18
Invok: Renounce Religion |       |     1 ||     1
  Use: Potion            |     3 |       ||     3
       Scroll            |       |     8 ||     8
 Stab: Sleeping          |     4 |     3 ||     7
Armor: Skin              |     5 |       ||     5
Dodge: Dodged            |    36 |    11 ||    47
